 Dungeon Crawl Stone Soup version 0.28-a0-514-g0d7ab7f379 (webtiles) character file.

Game seed: 17302073031793664920

4 SkeletonJelly the Insei (level 1, 0/15 HPs)
             Began as a Demigod Transmuter on Sept 23, 2021.
             Slain by a gnoll (8 damage)
             ... on level 1 of the Dungeon.
             The game lasted 00:01:04 (73 turns).

SkeletonJelly the Insei (Demigod Transmuter)          Turns: 73, Time: 00:01:05

Health: 0/15       AC:  2    Str: 11    XL:     1   Next: 46%
Magic:  4/5        EV: 12    Int: 15    God:
Gold:   0          SH:  0    Dex: 14    Spells: 2/3 levels left

rFire   . . .      SeeInvis .     - Unarmed
rCold   . . .      Faith    .   (no shield)
rNeg    . . .      Spirit   .   a - +0 robe
rPois   .          Reflect  .   (helmet currently unavailable)
rElec   .          Harm     .   (no cloak)
rCorr   .          Rampage  .   (no gloves)
Will    .....                   (boots currently unavailable)
Stlth   +.........              (no amulet)
HPRegen 0.05/turn               (no ring)
MPRegen 0.09/turn               (no ring)

@: appendages (expiring)
A: horns 2, talons 2, high mp 1, forlorn
a: End Transformation


You were on level 1 of the Dungeon.
You had temporarily grown beastly horns and talons.
You visited 1 branch of the dungeon, and saw 1 of its levels.

Inventory:

Armour
 a - a +0 robe (worn)


   Skills:
 - Level 0.8 Fighting
 - Level 1.7 Dodging
 + Level 2.8 Unarmed Combat
 - Level 1.7 Spellcasting
 * Level 2.1 Transmutations


You had 2 spell levels left.
You knew the following spells:

 Your Spells              Type           Power      Damage    Failure   Level
a - Beastly Appendage     Tmut           14%        N/A       10%         1

Your spell library contained the following spells:

 Spells                   Type           Power      Damage    Failure   Level
 Wereblood                Tmut           7%         N/A       14%         2
 Spider Form              Tmut/Pois      2%         N/A       41%         3
 Ice Form                 Ice/Tmut       4%         N/A       83%         4


Dungeon Overview and Level Annotations

Branches:
Dungeon (1/15)


Innate Abilities, Weirdness & Mutations

You have temporarily grown beastly horns and talons.
Your attributes grow dramatically as you level up.
You have an increased reservoir of magic. (+10% MP)
You shall have no god before yourself.


Message History

An endoplasm is nearby!
An endoplasm is nearby!
An endoplasm is nearby!
You grow a pair of large bovine horns.
Your feet morph into talons.
You now have 4/5 mp.
A rat comes into view.
Your transformation is almost over.
The endoplasm quivers.
The rat closely misses you.
You hit the rat.
The rat is moderately wounded.
The rat bites you.
You take 1 damage, and have 14/15 hp.
You hit the rat.
You kill the rat!
You barely miss the endoplasm. You claw the endoplasm.
The endoplasm is heavily wounded.
You hit the endoplasm.
You kill the endoplasm!
No target in view!
No target in view!
No target in view!
No target in view!
Magic restored.
Your horns disappear.
Your talons disappear.
HP restored.
A hobgoblin comes into view.
Health restored: 15; MP restored: 5 A hobgoblin is nearby!
A hobgoblin is nearby!
A hobgoblin is nearby!
A hobgoblin is nearby!
A hobgoblin is nearby!
A frilled lizard and a rat come into view.
The hobgoblin shouts!
You grow a pair of large bovine horns.
Your feet morph into talons.
The frilled lizard hisses angrily.
You now have 4/5 mp.
A gnoll comes into view. It is wielding a +0 whip.
The rat misses you.
You see here a +0 robe.
The gnoll shouts!
You hit the rat.
You kill the rat!
The hobgoblin closely misses you.
Your Transmutations skill increases to level 2!
You hit the hobgoblin. Your kick misses the hobgoblin.
The hobgoblin is moderately wounded.
The hobgoblin hits you but does no damage.
You barely miss the hobgoblin. Your kick misses the hobgoblin.
You punch the hobgoblin.
You kill the hobgoblin!
The frilled lizard closely misses you.
You hit the frilled lizard but do no damage.
The frilled lizard barely misses you.
A bat comes into view.
You closely miss the frilled lizard. Your kick misses the frilled lizard.
The frilled lizard bites you but does no damage.
You see here a hobgoblin corpse.
Your transformation is almost over.
The bat hits you.
You take 1 damage, and have 14/15 hp.
MP restored: 5 The bat closely misses you.
The bat hits you.
You take 1 damage, and have 13/15 hp.
The bat hits you but does no damage. The bat misses you.
The bat closely misses you. The bat barely misses you.
Your horns disappear.
Your talons disappear.
The bat completely misses you. The bat hits you but does no damage.
You grow a pair of large bovine horns.
Your feet morph into talons.
The bat hits you.
You take 1 damage, and have 13/15 hp.
You now have 4/5 mp.
The frilled lizard barely misses you.
You completely miss the frilled lizard. You claw the frilled lizard.
You kill the frilled lizard!
Your transformation is almost over.
You closely miss the gnoll. Your kick misses the gnoll.
The gnoll hits you but does no damage.
You hit the gnoll. You claw the gnoll, but do no damage.
The gnoll is lightly wounded.
The gnoll barely misses you.
You hit the gnoll.
The gnoll is lightly wounded.
The gnoll closely misses you.
You hit the gnoll but do no damage.
The gnoll is lightly wounded.
The gnoll hits you with a +0 whip.
You take 5 damage, and have 8/15 hp.
MASSIVE DAMAGE!!
You closely miss the gnoll. You claw the gnoll.
The gnoll is heavily wounded.
The gnoll closely misses you.
You hit the gnoll.
The gnoll is almost dead.
The gnoll hits you with a +0 whip!
Ouch! That really hurt!
You die...

....##.##..#...# .##
#...[†....#...# ## .. #.#
#.....##......##.# ..###<#
#....#..#...#..#.#.# #..##
...#...##..#...#..# #.#.##
..##..#......#..#.#.. ##.#
.........##.##.b##.####..#
.#.#.##..#..#..#g#..#..###
#....#..#.#...##@##..##..#
.......##....#.##...#..#.#
####### ##################


You could see a gnoll and a bat.

Vanquished Creatures
  An endoplasm (D:1)
  A hobgoblin (D:1)
  A frilled lizard (D:1)
  2 rats (D:1)
5 creatures vanquished.

Notes
Turn   | Place    | Note
-------+----------+-------------------------------------------
     0 | D:1      | SkeletonJelly the Demigod Transmuter began the quest for
                  | the Orb.
     0 | D:1      | Reached XP level 1. HP: 15/15 MP: 5/5
    73 | D:1      | Slain by a gnoll

Illustrated notes

Levels and vault maps discovered:
D:1:      erik_arrival_cave_to_civilisation [erik_arrival_cave_to_hall],
          layout_loops_ring, dreamdust_ecumenical_altar_angels_and_demons

Skill      XL: |  1 |
---------------+----+-----
Transmutations | 2 |  2.1
Fighting       | |  0.8
Dodging        | |  1.7
Unarmed Combat | |  2.8
Spellcasting   | |  1.7

Action                   || total
-------------------------++-------
Melee: Unarmed           ||    16
       Kick              ||     4
       Punch             ||     1
 Cast: Beastly Appendage ||     3
Armor: Robe              ||     5
Dodge: Dodged            ||    14

Table legend: (Time is in decaauts)
 A = Elapsed time spent in this place.
 B = Non-inter-level travel time spent in this place.
 C = Inter-level travel time spent in this place.
 D = Time resting spent in this place.
 E = Time spent auto-exploring this place.
 F = Levels seen in this place.
 G = Mean time per level.
                   A        B        C        D        E       F      G
               +--------+--------+--------+--------+--------+-----+--------+
         Total |     72 |     72 |      0 |      0 |     31 |   1 |   72.0 |
       Dungeon |     72 |     72 |      0 |      0 |     31 |   1 |   72.0 |
               +--------+--------+--------+--------+--------+-----+--------+

Top non-repeatable levels by time:
     D:1: 72 daAuts
